 Dungeon Crawl Stone Soup version 0.19.0 (webtiles) character file.

259 Jerry the Ogre Mage (level 6, -10/61 HPs)
             Began as an Ogre Fire Elementalist on Nov 2, 2016.
             Was an Initiate of Vehumet.
             Killed by divine providence
             ... invoked by an orc priest
              (12 damage)
             ... on level 4 of the Dungeon.
             The game lasted 00:18:00 (3177 turns).

Jerry the Ogre Mage (Ogre Fire Elementalist)        Turns: 3177, Time: 00:18:01

Health: -10/61     AC:  4    Str: 17    XL:     6   Next: 17%
Magic:  11/12      EV: 10    Int: 16    God:    Vehumet [......]
Gold:   147        SH:  0    Dex: 10    Spells: 3 memorised, 7 levels left

rFire  . . .     SeeInvis .     u - +2 war axe (distort)
rCold  . . .     Gourm    .     a - +0 robe
rNeg   . . .     Faith    .     (no shield)
rPois  .         Spirit   .     (helmet restricted)
rElec  .         Reflect  .     v - +0 cloak (curse)
rCorr  .         Harm     .     (gloves unavailable)
MR     .....     Rnd*Tele +     (boots unavailable)
Stlth  ++........               (no amulet)
                                r - +3 ring of strength
                                y - ring of teleportation (curse)

@: no status effects
A: unfitting armour, tough skin 1
a: Renounce Religion


You were on level 4 of the Dungeon.
You worshipped Vehumet.
Vehumet was noncommittal.
You were not hungry.

You visited 1 branch of the dungeon, and saw 4 of its levels.

You collected 147 gold pieces.

Inventory:

Hand Weapons
 m - a +0 short sword
 u - a +2 war axe of distortion (weapon)
 w - a +0 hunting sling
Missiles
 f - 88 sling bullets
Armour
 a - a +0 robe (worn)
 v - a cursed +0 cloak (worn)
Jewellery
 l - an uncursed ring of stealth
 r - a +3 ring of strength (right hand)
 y - a cursed ring of teleportation (left hand)
Wands
 p - a wand of enslavement (9/24)
Scrolls
 h - 2 scrolls of random uselessness {unknown}
 i - a scroll of fear {unknown}
 j - 2 scrolls of magic mapping {unknown}
 k - a scroll of remove curse {unknown}
 n - 4 scrolls of teleportation {unknown}
 q - 2 scrolls of noise {unknown}
 s - 5 scrolls of identify {unknown}
 t - a scroll of amnesia {unknown}
 x - a scroll of immolation {unknown}
Potions
 d - a potion of heal wounds {unknown}
 e - a potion of flight {unknown}
 g - 2 potions of curing {unknown}
Books
 b - a book of Flames

   Spells                             Type                      Level
   a - Flame Tongue                   Conjuration/Fire             1
   b - Throw Flame                    Conjuration/Fire             2
   c - Conjure Flame                  Conjuration/Fire             3
   d - Inner Flame                    Hexes/Fire                   3
   e - Sticky Flame                   Conjuration/Fire             4
   f - Fireball                       Conjuration/Fire             5
Comestibles
 c - 6 bread rations
 o - a slice of pizza
 z - 5 chunks of flesh
 A - 5 fruits


   Skills:
 + Level 3.2 Fighting
 - Level 1.7 Dodging
 - Level 1.4 Stealth
 + Level 4.0 Spellcasting
 + Level 2.1 Conjurations
 + Level 3.2 Fire Magic


You had 7 spell levels left.
You knew the following spells:

 Your Spells              Type           Power        Failure   Level  Hunger
a - Flame Tongue          Conj/Fire      ##...        8%          1    None
b - Throw Flame           Conj/Fire      ##....       10%         2    ##.....
c - Conjure Flame         Conj/Fire      ##......     17%         3    ###....


Dungeon Overview and Level Annotations

Branches:
Dungeon (4/15)
 Temple: D:4-7

Altars:
Nemelex Xobeh
Ru
Uskayaw
Vehumet
Xom


Innate Abilities, Weirdness & Mutations

You are too large for most types of armour.
You have tough skin. (AC +1)


Message History

You slash the orc!
You kill the orc!
Vehumet accepts your kill.
The orc priest miscasts a cantrip.
The orc priest looks encouraged for a moment.
You hit the orc priest.
The orc priest is moderately wounded.
The orc priest hits you but does no damage.
The orc priest invokes the aid of Beogh against you.
Beogh smites you!
* * * LOW HITPOINT WARNING * * *
The orc priest invokes the aid of Beogh against you.
Beogh smites you!
* * * LOW HITPOINT WARNING * * *
You hit the orc priest but do no damage.
The orc priest looks slightly unstable.
The orc priest is moderately wounded.
The orc priest calls down the wrath of Beogh upon you.
Beogh smites you!
You die...

#.......##............
#.......#.............
#.......#.............
#.......#.............
#.....################
#.....#....... ......
#.†...#....... ......
#.....#....... ......
#....@#....... ......
#.....oo...... ......
#######o...... ......
.....## ####.. .....#
+.. ..o..# #.. .....#
#.. .....# #####.


You could see 2 orc priests and 2 orcs.

Vanquished Creatures
  The ghost of CALLOUS the Ducker, an amateur SpAK of Lugonu (D:3)
  Crazy Yiuf (D:2)
  Jessica (D:2)
  Ijyb (D:2)
  An adder (D:3)
  2 worms
  2 dart slugs
  A leopard gecko (D:4)
  4 orcs
  11 bats
  3 giant cockroaches
  17 goblins
  11 hobgoblins
  9 jackals
  A quokka (D:2)
  3 ball pythons
  2 frilled lizards
  4 kobolds
  11 rats
86 creatures vanquished.

Notes
Turn   | Place    | Note
-------+----------+-------------------------------------------
     0 | D:1      | Jerry the Ogre Fire Elementalist began the quest for the Orb.
     0 | D:1      | Reached XP level 1. HP: 16/16 MP: 3/3
   233 | D:1      | Reached skill level 1 in Conjurations
   233 | D:1      | Reached XP level 2. HP: 11/24 MP: 0/5
   472 | D:1      | Learned a level 2 spell: Throw Flame
   902 | D:2      | Reached XP level 3. HP: 24/32 MP: 4/7
   911 | D:2      | Reached skill level 1 in Fighting
  1093 | D:2      | Reached skill level 3 in Spellcasting
  1119 | D:2      | Noticed Jessica
  1126 | D:2      | Killed Jessica
  1197 | D:2      | Reached XP level 4. HP: 42/42 MP: 5/8
  1470 | D:2      | Found a hide-covered altar of Uskayaw.
  1864 | D:2      | Learned a level 3 spell: Conjure Flame
  2086 | D:2      | Noticed Ijyb
  2094 | D:2      | Killed Ijyb
  2094 | D:2      | Reached XP level 5. HP: 45/49 MP: 10/10
  2230 | D:2      | Found a runed door.
  2234 | D:2      | Noticed Crazy Yiuf
  2255 | D:2      | Killed Crazy Yiuf
  2317 | D:3      | Found a faded altar of an unknown god.
  2323 | D:3      | Noticed CALLOUS's ghost (amateur SpAK)
  2339 | D:3      | Killed CALLOUS's ghost
  2574 | D:3      | Reached XP level 6. HP: 46/61 MP: 11/11
  2733 | D:3      | Found a sacrificial altar of Ru.
  2735 | D:3      | Found a radiant altar of Vehumet.
  2736 | D:3      | Found a shimmering altar of Xom.
  2743 | D:3      | Found a sparkling altar of Nemelex Xobeh.
  2795 | D:3      | Became a worshipper of Vehumet
  3155 | D:4      | Reached skill level 4 in Spellcasting
  3176 | D:4      | HP: 1/61 [orc priest/divine providence (15)]
  3177 | D:4      | Killed from afar by an orc priest

Skill      XL: |  1  2  3  4  5  6 |
---------------+-------------------+-----
Conjurations   | 1 2 |  2.1
Fighting       | 1 2 3 |  3.2
Spellcasting   | 3 4 |  4.0
Fire Magic     | 3 |  3.2
Dodging        | |  1.7
Stealth        | |  1.4

Action                   |  1- 3 |  4- 6 || total
-------------------------+-------+-------++-------
Melee: Club              |    49 |       ||    49
       Short sword       |     6 |     1 ||     7
       War axe           |       |    95 ||    95
 Cast: Flame Tongue      |    31 |    44 ||    75
 Stab: Sleeping          |     1 |     3 ||     4
  Eat: Chunk             |     1 |     7 ||     8
Armor: Robe              |    30 |    37 ||    67
Dodge: Dodged            |    43 |    75 ||   118
